 Dungeon Crawl Stone Soup version 0.21-a0-352-g5b8f553 (webtiles) character file.

780316 Dfrag the Ruinous (level 27, -69/221 HPs)
             Began as a Demonspawn Fire Elementalist on Oct 10, 2017.
             Was the Champion of Vehumet.
             Killed themself with a badly aimed great blast of fire (128 damage)
             ... on level 23 of a ziggurat on Oct 11, 2017.
             The game lasted 03:55:17 (62057 turns).

Dfrag the Ruinous (Demonspawn Fire Elementalist)   Turns: 62057, Time: 03:55:19

Health: -69/221    AC: 12    Str: 22      XL:     27
Magic:  21/53      EV: 12    Int: 36      God:    Vehumet [******]
Gold:   7053       SH: 17    Dex: 19 (20) Spells: 15/78 levels left

rFire    . . .     SeeInvis .   E - staff of energy
rCold    + + .     Gourm    .   Y - +3 buckler
rNeg     + + .     Faith    .   W - +4 robe "Feiw" {rPois MR+ Stlth+}
rPois    +         Spirit   .   Z - -3 helmet of the Bagpipe {Str+3 Int+3 Dex+6}
rElec    +         Reflect  +   f - +2 cloak
rCorr    .         Harm     .   S - +0 pair of gloves of Resourcefulness {*Corrode MR++ Str+5}
MR       +++++                  (boots unavailable)
Stlth    +++++.....             D - brooch of Shielding {Reflect SH+8}
HPRegen  9.46/turn              t - ring of Leaves {Fire rElec rN+ Str+3}
MPRegen  0.33/turn              U - ring "Plog" {rPois rF- rC+ rN+ Int+6}

@: slowed, studying 4 skills, drained, very slow
A: fangs 1, hooves 3, icy blue scales 3, camouflage 1, cold resistance 1, foul
stench 2, passive freeze, powered by death 3, robust 1, wild magic 1, rot
immunity, freezing cloud immunity
}: 4/15 runes: decaying, serpentine, slimy, silver
a: Renounce Religion


You were on level 23 of a ziggurat.
You worshipped Vehumet.
Vehumet was exalted by your worship.
You were not hungry.

You visited 12 branches of the dungeon, and saw 54 of its levels.
You visited 1 ziggurat, and saw 23 of its levels.
You also visited: Labyrinth, Bailey, Ice Cave, Wizlab and Desolation.

You collected 8556 gold pieces.
You spent 1503 gold pieces at shops.

Inventory:

Armour
 f - a +2 cloak (worn)
 n - the +0 Maxwell's etheric cage {RegenMP+ *Contam rElec MP+4}
   (You bought it in a shop on level 12 of the Dungeon)

   It insulates you from electricity.
   It affects your magic capacity (+4).
   It causes magical contamination when unequipped.
 v - the +8 scale mail "Vary" {Int+3}
   (You found it on level 7 of a ziggurat)

   It affects your intelligence (+3).
 K - a +8 large shield of reflection
 S - the +0 pair of gloves of Resourcefulness (worn) {*Corrode MR++ Str+5}
   (You acquired it on level 1 of the Depths)

   It affects your strength (+5).
   It affects your resistance to hostile enchantments.
   It may corrode you when you take damage.
 W - the +4 robe "Feiw" (worn) {rPois MR+ Stlth+}
   (You took it off a ragged hierophant in the Desolation of Salt)

   It protects you from poison.
   It affects your resistance to hostile enchantments.
   It makes you more stealthy.
 Y - a +3 buckler (worn)
 Z - the -3 helmet of the Bagpipe (worn) {Str+3 Int+3 Dex+6}
   (You found it in the Desolation of Salt)

   It affects your strength (+3).
   It affects your intelligence (+3).
   It affects your dexterity (+6).
Magical Staves
 C - an uncursed staff of conjuration
 E - an uncursed staff of energy (weapon)
Jewellery
 h - the ring of Neurosis {+Inv rPois rF++ rC+, unknown}
   (You found it on level 22 of a ziggurat)

   [ring of poison resistance]

   It greatly protects you from fire.
   It protects you from cold.
   It protects you from poison.
   It lets you turn invisible.
 t - the ring of Leaves (left hand) {Fire rElec rN+ Str+3}
   (You took it off an imperial myrmidon in the Desolation of Salt)

   [ring of fire]

   It enhances your fire magic.
   It affects your strength (+3).
   It protects you from fire.
   It makes you vulnerable to cold.
   It insulates you from electricity.
   It protects you from negative energy.
 D - the brooch of Shielding (around neck) {Reflect SH+8}
   (You took it off a deep elf blademaster on level 3 of the Elven Halls)

   [amulet of reflection]

   It shields you and reflects attacks.
   It affects your SH (+8).
 P - the amulet of Sunlight {Harm *Drain rPois Dex+4}
   (You found it on level 18 of a ziggurat)

   [amulet of harm]

   It increases damage dealt and taken.
   It affects your dexterity (+4).
   It protects you from poison.
   It causes draining when unequipped.
 U - the ring "Plog" (right hand) {rPois rF- rC+ rN+ Int+6}
   (You found it on level 17 of a ziggurat)

   [ring of positive energy]

   It affects your intelligence (+6).
   It makes you vulnerable to fire.
   It protects you from cold.
   It protects you from poison.
   It protects you from negative energy.
Scrolls
 e - 2 scrolls of enchant armour
 g - 4 scrolls of fear
 i - 18 scrolls of teleportation
 l - 26 scrolls of remove curse
 q - 7 scrolls of brand weapon
 s - 6 scrolls of blinking
 w - 14 scrolls of recharging
 y - 2 scrolls of enchant weapon
 F - 11 scrolls of amnesia
 O - 7 scrolls of fog
 T - 6 scrolls of magic mapping
 V - 6 scrolls of summoning
Potions
 a - 31 potions of mutation
 k - 32 potions of curing
 m - a potion of experience
 p - 4 potions of heal wounds
 r - 4 potions of cancellation
 u - 4 potions of haste
 x - 6 potions of agility
 B - 12 potions of flight
 I - 4 potions of brilliance
 J - 4 potions of resistance
 L - 10 potions of lignification
 X - 4 potions of invisibility
Books
 b - a manual of Dodging
 A - a manual of Air Magic
 G - a manual of Fighting
 N - a book of Annihilations

   Spells                             Type                      Level
   a - Poison Arrow                   Conjuration/Poison           6
   b - Chain Lightning                Conjuration/Air              8
   c - Lehudib's Crystal Spear        Conjuration/Earth            8
   d - Glaciate                       Conjuration/Ice              9
   e - Fire Storm                     Conjuration/Fire             9
 Q - a book of the Dragon

   Spells                             Type                      Level
   a - Flame Tongue                   Conjuration/Fire             1
   b - Cause Fear                     Hexes                        4
   c - Bolt of Fire                   Conjuration/Fire             6
   d - Dragon Form                    Transmutation                7
   e - Dragon's Call                  Summoning                    9
 R - a manual of Armour
Comestibles
 c - 30 bread rations
 d - 8 chunks of flesh
 j - 28 royal jellies
 o - 29 meat rations


   Skills:
 - Level 13.5(13.3) Fighting
 - Level 1.7(1.6) Dodging
 - Level 5.5(5.3) Stealth
 - Level 5.4(5.2) Shields
 + Level 26.3(26.0) Spellcasting
 + Level 26.6(26.3) Conjurations
 + Level 23.6(23.3) Fire Magic
 - Level 17.2(17.0) Ice Magic
 - Level 7.3(7.1) Air Magic
 - Level 6.8(6.6) Earth Magic


You had 15 spell levels left.
You knew the following spells:

 Your Spells              Type           Power        Failure   Level  Hunger
a - Flame Tongue          Conj/Fire      #####        1%          1    None
b - Conjure Flame         Conj/Fire      ########     1%          3    None
c - Sticky Flame          Conj/Fire      ########     1%          4    None
d - Fireball              Conj/Fire      #########.   1%          5    None
e - Mephitic Cloud        Conj/Pois/Air  ########     1%          3    None
f - Ignition              Fire           #########.   1%          8    None
g - Lehudib's Crystal Sp  Conj/Erth      ########..   1%          8    None
h - Poison Arrow          Conj/Pois      ########..   1%          6    None
i - Orb of Destruction    Conj           ########..   1%          7    None
j - Fire Storm            Conj/Fire      #########.   1%          9    None
k - Glaciate              Conj/Ice       ########..   2%          9    None


Dungeon Overview and Level Annotations

Branches:
Dungeon (15/15)            Temple (1/1) D:6            Lair (6/6) D:8
  Swamp (4/4) Lair:3        Snake (4/4) Lair:2        Slime (5/5) Lair:5
    Orc (2/2) D:10            Elf (3/3) Orc:2        Vaults (5/5) D:14
  Crypt (3/3) Vaults:2       Tomb (0/3) Crypt:3      Depths (5/5) D:15
   Hell (1/1)
    Dis: Hell:1         Geh: Hell:1         Coc: Hell:1         Tar: Hell:1
    Zot: Depths:5

Altars:
Ashenzari
Cheibriados
Dithmenos
Elyvilon
Fedhas
Gozag
Hepliaklqana
Kikubaaqudgha
Makhleb
Nemelex Xobeh
Okawaru
Qazlal
Ru
Sif Muna
Trog
Uskayaw
Vehumet
Wu Jian
Xom
Yredelemnul
Zin
The Shining One
Beogh

Shops:
D:12 *   D:13 [   D:14 *   Orc:1 *(}   Orc:2 *=(   Elf:3 *   Vaults:3 :
Depths:1 *   Depths:4 (%(

Portals:
Hell: Lair:6 Depths:1 Depths:2 Depths:3 Depths:4
Abyss: Depths:4
Pandemonium: Depths:3

Annotations:
Depths:2 exclusions: Tzitzimitl and 4 more exclusions
Depths:5 TwoGrow's ghost, legendary GnVM; Xtahua


Innate Abilities, Weirdness & Mutations

You have hooves in place of feet.
You are completely covered in icy blue scales. (AC +4, rC+)
Your flesh is cold resistant. (rC+)
You frequently emit foul miasma when damaged in melee.
A frigid envelope surrounds you and freezes all who hurt you.
You regenerate a lot of health from kills.
You are immune to rotting.
You are immune to freezing clouds.
You have very sharp teeth.
Your skin changes colour to match your surroundings (Stealth+).
You are robust. (+10% HP)
Your spells are a little harder to cast, but a little more powerful.


Message History

Aiming: Fire Storm
Press: ? - help, Dir - move target cursor, f - fire vortex
Aim: a fire vortex (flame, friendly)
You feel a surge of power! That beam is likely to hit you.
Continue anyway?
Okay, then.
Unknown command.
Casting: Fire Storm
Confirm with . or Enter, or press ? or * to list all spells.
Aiming: Fire Storm
Press: ? - help, Dir - move target cursor, p - fire vortex You feel a surge of power!
That beam is likely to hit you.
Continue anyway?
A raging storm of fire appears!
The great blast of fire engulfs the bennu.
The bennu partially resists.
The bennu is moderately wounded.
The great blast of fire engulfs you!
Ouch! That really hurt!
You die...

▓▓88...4.
▓▓.88...M.
▓▓...vv4§vv
▓▓.........M
▓▓...§§§.§vvv
▓▓....v§§vv§§M
▓▓.....vv§vv§v§
▓.∩....@§b§v§.§
▓▓......vv§§§v.
▓▓.....§v§§v..
▓▓...§§v..v..
▓▓..........
▓▓.........
▓▓.88.....
▓▓88.....


You could see a greater mummy, a bennu, 2 mummy priests, a hellwing, a red devil
and 23 friendly fire vortices.

Vanquished Creatures
  The ghost of seyes the Ninja, a legendary NaCj of Makhleb (Zig:22)
  the Royal Jelly (Slime:5)
  Mennas (Depths:5)
  6 juggernauts
  6 ancient liches
  13 greater mummies
  Bai Suzhen (Crypt:2)
  6 caustic shrikes
  A Killer Klown (Zig:1)
  5 golden dragons
  A bone dragon (Crypt:3)
  3 profane servitors
  A mutant beast (WizLab)
  Geryon (Hell)
  the Enchantress (Depths:1)
  A pearl dragon (Zig:2)
  7 liches
  4 hellephants (Zig:22)
  13 tentacled monstrosities
  Jorgrun (Depths:2)
  3 quicksilver dragons
  6 deep elf blademasters
  8 titans
  7 deep elf master archers
  41 acid blobs
  The ghost of ShadedKnight the Infuser, an adept GnSk of Makhleb (Snake:2)
  5 sphinxes
  Frances (D:14)
  3 ancient champions
  2 shadow dragons
  Agnes (D:14)
  7 tengu reavers
  9 thorn hunters
  2 storm dragons (Vaults:5)
  2 revenants (Zig:18)
  6 fire giants
  The ghost of Dylgear the Peltast, an adept DsFi of Wu Jian (Elf:2)
  16 azure jellies
  28 nagarajas
  8 deep elf sorcerers
  10 frost giants
  4 orc warlords
  5 ghost moths
  15 vault wardens
  2 imperial myrmidons (Desolation)
  8 deep elf elementalists
  6 emperor scorpions
  An iron dragon (Depths:3)
  9 ghouls
  A juggernaut zombie (Zig:19)
  Aizul (Depths:2)
  3 reapers
  6 curse skulls
  5 spriggan defenders
  A caustic shrike zombie (Zig:23)
  15 ironheart preservers
  A caustic shrike skeleton (Zig:23)
  23 stone giants
  A war gargoyle (Vaults:5)
  23 very ugly things
  A green draconian (Depths:5)
  2 juggernaut skeletons (Zig:19)
  3 bennus
  An entropy weaver (Vaults:5)
  2 vampire knights
  8 deep elf annihilators
  A purple draconian (Depths:5)
  4 spark wasps
  2 deep elf demonologists
  A yellow draconian (Depths:5)
  8 merfolk javelineers
  7 dire elephants
  A blizzard demon (IceCv)
  2 merfolk impalers
  12 deep elf death magi
  Snorg (Orc:2)
  4 crystal guardians (Desolation)
  The ghost of narcow the Grappler, a journeyman TrMo of Wu Jian (Lair:1)
  9 eidola
  19 jiangshi
  14 ettins
  9 fire dragons
  7 mummy priests
  4 ragged hierophants (Desolation)
  A minotaur (Lab)
  Josephine (D:13)
  12 deep elf high priests
  12 great orbs of eyes
  9 yaktaur captains
  13 death oozes
  8 ice dragons
  4 servants of whispers (Desolation)
  3 rakshasas
  2 spriggan air magi
  30 naga warriors
  32 hydras
  10 peacekeepers (Desolation)
  30 vault guards
  7 alligators
  7 anacondas
  Harold (Lair:4)
  4 catoblepae
  6 ogre magi
  An alligator (shapeshifter) (WizLab)
  29 two-headed ogres
  5 merfolk aquamancers
  The ghost of Psyclone the Destroyer, a journeyman DECj of Vehumet (IceCv)
  5 alligator snapping turtles
  8 centaur warriors
  7 death knights
  14 deep troll earth magi
  6 deep troll shamans
  3 satyrs (Zig:8)
  4 death yaks (Zig:22)
  4 tengu warriors
  A titan zombie (Crypt:2)
  The ghost of Parsimony the Cleaver, a journeyman VSFi of Makhleb (IceCv)
  3 death scarabs
  33 dancing weapons
  7 shock serpents
  26 naga sharpshooters
  2 spriggan berserkers
  A shock serpent (shapeshifter) (Vaults:4)
  8 orc high priests
  11 vampire magi
  2 thrashing horrors (Zig:4)
  2 fire crabs (shapeshifter)
  8 hell knights
  7 soul eaters
  32 deep elf knights
  An iron golem (WizLab)
  8 spriggans
  A golden dragon zombie (Crypt:2)
  A sixfirhy (Lair:6)
  36 skeletal warriors
  A sea snake (shapeshifter) (Vaults:5)
  2 glowing orange brains (shapeshifter) (Zig:13)
  8 iron trolls
  3 shadow wraiths
  A sea snake (Zig:20)
  A ghost moth zombie (Crypt:3)
  A cherub (Zig:2)
  4 unseen horrors
  A deep troll (shapeshifter) (Zig:13)
  16 flayed ghosts
  An anaconda zombie (Crypt:3)
  A glowing orange brain (Vaults:5)
  2 spriggan druids (Zig:22)
  34 deep trolls
  5 shambling mangroves
  7 naga ritualists
  11 swamp dragons
  17 phantasmal warriors
  21 deep elf archers
  6 wizards
  2 shadow dragon zombies
  23 ironbrand convokers
  A lindwurm (shapeshifter) (WizLab)
  An obsidian statue (Zig:15)
  7 necromancers
  A swamp dragon (shapeshifter) (WizLab)
  16 orc knights
  An orb spider (Zig:20)
  60 deep elf magi
  39 ugly things
  2 wolf spiders (shapeshifter) (Vaults:5)
  7 mana vipers
  14 orc sorcerers
  7 oklob plants
  3 fauns (Zig:8)
  12 shining eyes
  8 harpies
  Pikel (D:4)
  A frost giant zombie (Vaults:1)
  An iron dragon zombie (Crypt:2)
  A tengu skeleton (Zig:12)
  13 elephants
  5 manticores
  A frost giant skeleton (Zig:12)
  4 moths of wrath
  A moth of wrath (shapeshifter) (Zig:13)
  13 wolf spiders
  A stone giant zombie (Crypt:1)
  8 salamanders
  A shock serpent zombie (Crypt:3)
  2 salamanders (shapeshifter)
  A rust devil (Depths:3)
  4 cyclopes
  A stone giant skeleton (Crypt:2)
  41 black mambas
  A water nymph (Zig:21)
  A black mamba (shapeshifter) (WizLab)
  5 centaur zombies
  12 guardian serpents
  A molten gargoyle (Desolation)
  4 guardian serpents (shapeshifter)
  23 naga magi
  An ice statue (IceCv)
  4 eyes of devastation
  21 vault sentinels
  2 orange demons (Lair:6)
  A spiny frog (shapeshifter) (WizLab)
  5 torpor snails (Zig:22)
  25 spiny frogs
  2 anaconda simulacra (IceCv)
  A kobold demonologist (D:15)
  2 rime drakes (shapeshifter)
  3 gargoyles
  A spriggan skeleton (Zig:12)
  A komodo dragon (shapeshifter) (WizLab)
  18 freezing wraiths
  12 komodo dragons
  60 yaktaurs
  23 rime drakes
  A yaktaur (shapeshifter) (WizLab)
  An efreet (D:15)
  2 red devils (Lair:6)
  A hellwing (Lair:6)
  34 guardian mummies
  2 tengu conjurers
  A catoblepas skeleton (Crypt:2)
  6 ice devils
  A sea snake skeleton (Crypt:2)
  A golden dragon simulacrum (IceCv)
  8 tyrant leeches
  2 demonic crawlers (Zig:21)
  A hydra zombie (Crypt:3)
  4 jumping spiders
  2 polar bears
  Prince Ribbit (D:6)
  2 trolls (shapeshifter) (WizLab)
  3 merfolk
  15 trolls
  2 queen bees (shapeshifter) (WizLab)
  A minotaur skeleton (Lab)
  A tyrant leech (shapeshifter) (WizLab)
  A tengu simulacrum (Vaults:2)
  176 slime creatures
  2 wolf spider simulacra
  11 hornets
  49 saltlings (Desolation)
  2 blink frogs (shapeshifter)
  A raiju (Zig:4)
  3 snapping turtles
  15 bog bodies
  An ice dragon zombie (Crypt:1)
  34 blink frogs
  2 ettin zombies
  An alligator zombie (Crypt:1)
  25 hippogriffs
  8 dream sheep
  A hydra skeleton (Crypt:1)
  14 wraiths
  16 redbacks
  A spriggan (shapeshifter) (Depths:1)
  2 tarantellas (shapeshifter)
  6 air elementals
  16 flying skulls
  6 small abominations (WizLab)
  A tarantella (Zig:21)
  2 dire elephant simulacra (IceCv)
  An ettin skeleton (Crypt:1)
  Sigmund (D:2)
  5 fire elementals
  2 redbacks (shapeshifter) (WizLab)
  11 ushabtiu
  A ynoxinul (Zig:4)
  2 shadows
  Eustachio (D:6)
  14 basilisks
  15 water elementals
  51 yaks
  A basilisk (shapeshifter) (WizLab)
  4 golden eyes
  2 yaks (shapeshifter)
  6 wyverns
  3 hungry ghosts
  14 steam dragons (Lair:6)
  A death yak simulacrum (IceCv)
  20 vampire mosquitoes
  A neqoxec (Zig:4)
  3 swamp worms (shapeshifter)
  5 harpy simulacra (IceCv)
  An iron troll simulacrum (IceCv)
  63 nagas
  8 wargs
  10 insubstantial wisps
  12 large abominations
  A naga (shapeshifter) (WizLab)
  A two-headed ogre zombie (D:10)
  26 swamp worms
  A soldier ant (shapeshifter) (WizLab)
  2 hydra simulacra (IceCv)
  2 soldier ants (D:12)
  20 water moccasins
  3 hell hounds (Lair:6)
  A spiny frog zombie (Crypt:2)
  A gelid demonspawn skeleton (Crypt:2)
  8 floating eyes
  9 swamp drakes
  An ice beast (D:8)
  4 porcupines
  A black bear (shapeshifter) (WizLab)
  54 orc warriors
  An ettin simulacrum (IceCv)
  4 snapping turtle zombies (Crypt:3)
  4 sky beasts
  2 black bears (D:9)
  3 phantoms
  12 eyes of draining
  A manticore zombie (Crypt:3)
  14 necrophages
  22 wolves
  A tengu (shapeshifter) (WizLab)
  23 centaurs
  A hog zombie (Crypt:1)
  28 ogres
  4 boggarts (Vaults:1)
  18 crocodiles
  A crocodile (shapeshifter) (WizLab)
  2 human zombies (Vaults:1)
  2 big kobolds
  17 bullfrogs
  3 earth elementals
  An elf zombie (Elf:1)
  An elf skeleton (Crypt:1)
  2 gnoll sergeants
  A salamander skeleton (Crypt:2)
  A glowing shapeshifter simulacrum (Vaults:3)
  A queen bee zombie (Crypt:1)
  7 wyvern skeletons
  6 scorpions
  3 troll zombies (D:10)
  4 spriggan zombies
  2 swamp dragon simulacra
  14 killer bees
  10 wights
  2 howler monkeys (D:10)
  8 crimson imps
  3 bullfrog zombies
  A human simulacrum (Vaults:1)
  A quasit (D:4)
  7 draconian simulacra (IceCv)
  23 orc priests
  5 hounds
  5 jellies
  26 orc wizards
  2 centaur skeletons
  3 bullfrog skeletons
  An iron imp (Depths:3)
  2 iguanas
  A lightning spire (Zig:19)
  A porcupine zombie (Crypt:2)
  4 troll simulacra (IceCv)
  15 worker ants
  3 spriggan simulacra (IceCv)
  A killer bee zombie (Crypt:2)
  A demigod zombie (Crypt:1)
  3 wolf simulacra (IceCv)
  5 ogre zombies
  A centaur simulacrum (IceCv)
  An ogre skeleton (Lab)
  A hound zombie (D:8)
  27 mummies
  A worker ant zombie (Crypt:2)
  8 gnolls
  12 adders
  An ogre simulacrum (IceCv)
  2 naga simulacra (IceCv)
  2 shadow imps
  5 white imps (IceCv)
  5 ufetubi (IceCv)
  3 adder zombies
  2 adder skeletons
  2 worms
  2 dart slugs
  3 leopard geckos
  113 orcs
  6 bats
  4 giant cockroaches
  4 goblins
  7 hobgoblins
  8 jackals
  3 quokkas
  3 ball pythons
  8 frilled lizards
  2 goblin skeletons (D:10)
  6 goblin zombies (D:10)
  A hobgoblin skeleton (D:10)
  2 hobgoblin zombies (D:10)
  A jackal skeleton (D:9)
  11 kobolds
  A leopard gecko zombie (D:8)
  An orc skeleton (D:10)
  13 orc zombies (D:10)
  3 quokka skeletons
  3 rats
  15 briar patches
  6 bushes (Lair:3)
  6 crawling corpses
  2 fire vortices
  13 fungi
  A pillar of salt (Vaults:3)
  5 plants (Zig:14)
  16 withered plants (Crypt:3)
3202 creatures vanquished.

Vanquished Creatures (collateral kills)
  A juggernaut (Zig:16)
  A greater mummy (Zig:23)
  A lich (Depths:4)
  Asterion (Depths:2)
  An azure jelly (Slime:5)
  A frost giant (Depths:2)
  A very ugly thing (Depths:2)
  A dire elephant (Zig:9)
  An ettin (Depths:1)
  A great orb of eyes (Slime:5)
  A naga warrior (Zig:17)
  A death scarab (Zig:19)
  A shadow wraith (Zig:18)
  A flayed ghost (Crypt:3)
  A phantasmal warrior (Crypt:3)
  A sphinx zombie (Zig:12)
  An ugly thing (Depths:1)
  A spriggan skeleton (Zig:19)
  A yaktaur (Depths:3)
  A guardian mummy (Zig:19)
  A slime creature (Slime:5)
  A yak (Zig:22)
  An air elemental (Depths:4)
  A shadow (Zig:21)
  A floating eye (WizLab)
  A faun skeleton (Crypt:2)
  An eye of draining (shapeshifter) (WizLab)
  An ice beast (shapeshifter) (Depths:4)
  A blink frog zombie (Crypt:1)
  2 crocodiles (Zig:22)
  8 mummies
  An orc zombie (Crypt:3)
  A quokka skeleton (Crypt:1)
41 creatures vanquished.

Vanquished Creatures (others)
  A stone giant (Vaults:5)
  A merfolk javelineer (Zig:21)
  2 yaktaur captains (Vaults:5)
  2 saltlings (Desolation)
  A merfolk (Zig:21)
  A slave (D:4)
  A worker ant (D:4)
  A white imp (IceCv)
  An ufetubus (IceCv)
  3 orcs
  2 briar patches
  418 fire vortices
  16 fungi
  2 plants
  11 withered plants (Crypt:3)
463 creatures vanquished.

Grand Total: 3706 creatures vanquished

Notes
Turn   | Place    | Note
-------+----------+-------------------------------------------
     0 | D:1      | Dfrag the Demonspawn Fire Elementalist began the quest for the Orb.
     0 | D:1      | Reached XP level 1. HP: 13/13 MP: 3/3
   206 | D:1      | Gained mutation: You have large cloven feet. [demonic ancestry]
   206 | D:1      | Reached XP level 2. HP: 4/19 MP: 0/5
   896 | D:2      | Found a glowing golden altar of the Shining One.
  1013 | D:2      | Noticed Sigmund
  1016 | D:2      | Killed Sigmund
  1016 | D:2      | Reached XP level 3. HP: 24/24 MP: 5/7
  1016 | D:2      | Reached XP level 4. HP: 30/30 MP: 5/8
  1016 | D:2      | Gained mutation: You are partially covered in icy blue scales. (AC +2) [demonic ancestry]
  1016 | D:2      | Reached XP level 5. HP: 35/35 MP: 5/9
  1442 | D:3      | Learned a level 3 spell: Conjure Flame
  1447 | D:3      | Learned a level 4 spell: Sticky Flame
  1609 | D:3      | Found an opulent altar of Gozag.
  1742 | D:3      | Found a sparkling altar of Nemelex Xobeh.
  2014 | D:3      | Gained mutation: You have hoof-like feet. [demonic ancestry]
  2014 | D:3      | Reached XP level 6. HP: 41/41 MP: 9/11
  2457 | D:4      | Noticed a slave
  2461 | D:4      | Noticed Pikel
  2464 | D:4      | Noticed a slave
  2465 | D:4      | Noticed a slave
  2472 | D:4      | Killed Pikel
  2472 | D:4      | Reached skill level 5 in Fire Magic
  2472 | D:4      | Gained mutation: You regenerate a little health from kills. [demonic ancestry]
  2472 | D:4      | Reached XP level 7. HP: 46/46 MP: 8/14
  2535 | D:4      | Learned a level 5 spell: Fireball
  2584 | D:4      | Reached skill level 5 in Conjurations
  2595 | D:4      | Reached skill level 5 in Spellcasting
  2939 | D:5      | Entered Level 5 of the Dungeon
  2964 | D:5      | Found an iron altar of Okawaru.
  3200 | D:5      | Reached XP level 8. HP: 50/52 MP: 7/15
  3793 | D:6      | Noticed Eustachio
  3803 | D:6      | Killed Eustachio
  3837 | D:6      | Noticed Prince Ribbit
  3869 | D:6      | Killed Prince Ribbit
  4083 | D:6      | Found a staircase to the Ecumenical Temple.
  4098 | Temple   | Entered the Ecumenical Temple
  4353 | D:6      | Gained mutation: You are mostly covered in icy blue scales. (AC +3) [demonic ancestry]
  4353 | D:6      | Reached XP level 9. HP: 44/57 MP: 6/18
  4868 | D:7      | Got a twisted dagger
  4869 | D:7      | Identified the +6 dagger of Xiywutarph {pierce, rPois rF++ MR+ Stlth-} (You found it on level 7 of the Dungeon)
  4876 | D:7      | Found a radiant altar of Vehumet.
  4908 | D:7      | Became a worshipper of Vehumet
  4961 | D:7      | Found a hazy altar of Hepliaklqana.
  5032 | D:7      | Gained mutation: You tend to lose your temper in combat. [mutagenic meat]
  5033 | D:7      | Gained mutation: You often lose your temper in combat. [mutagenic meat]
  5035 | D:7      | Gained mutation: You expend magic power (3 MP) to strengthen your wands. [mutagenic meat]
  5036 | D:7      | Gained mutation: You passively map a small area around you. [mutagenic meat]
  5044 | D:7      | Lost mutation: You expend magic power (3 MP) to strengthen your wands. [potion of mutation]
  5044 | D:7      | Lost mutation: You passively map a small area around you. [potion of mutation]
  5044 | D:7      | Lost mutation: You often lose your temper in combat. [potion of mutation]
  5044 | D:7      | Gained mutation: You have a pair of small horns on your head. [potion of mutation]
  5044 | D:7      | Gained mutation: Your body sometimes deteriorates upon taking damage. [potion of mutation]
  5044 | D:7      | Gained mutation: You are clumsy. (Dex -2) [potion of mutation]
  5044 | D:7      | Gained mutation: You have very sharp teeth. [potion of mutation]
  5239 | D:7      | Found a basalt altar of Yredelemnul.
  5579 | D:8      | Reached * piety under Vehumet
  5579 | D:8      | Offered knowledge of Freeze by Vehumet.
  5612 | D:8      | Found a staircase to the Lair.
  5698 | D:8      | Found a stormy altar of Qazlal.
  5698 | D:8      | Found a glowing silver altar of Zin.
  5747 | D:9      | Gained mutation: You are completely covered in icy blue scales. (AC +4, rC+) [demonic ancestry]
  5747 | D:9      | Reached XP level 10. HP: 63/63 MP: 17/21
  5754 | D:9      | Gained mutation: You are weak. (Str -2) [mutagenic meat]
  5917 | D:9      | Noticed a two-headed ogre
  5927 | D:9      | Killed a two-headed ogre
  5958 | D:9      | Noticed a two-headed ogre
  6129 | D:8      | Killed a two-headed ogre
  6281 | D:9      | Got a smoking pewter amulet
  6388 | D:9      | Found a runed door.
  6388 | D:9      | Noticed a two-headed ogre
  6388 | D:9      | Noticed a six-headed hydra
  6389 | D:9      | Noticed a tengu warrior
  6389 | D:9      | Found a runed door.
  6513 | D:9      | Reached ** piety under Vehumet
  6513 | D:9      | Offered knowledge of Shock by Vehumet.
  6648 | D:9      | Found a runed door.
  6661 | D:9      | Killed a tengu warrior
  6671 | D:9      | Killed a six-headed hydra
  6671 | D:9      | Reached skill level 10 in Conjurations
  6671 | D:9      | Reached XP level 11. HP: 50/68 MP: 4/24
  7073 | D:9      | Found an ancient bone altar of Kikubaaqudgha.
  7096 | D:9      | Found a white marble altar of Elyvilon.
  7096 | D:9      | Found a shimmering altar of Xom.
  7120 | D:9      | Killed a two-headed ogre
  7318 | D:9      | Identified Sif Muna's Disquisition on Boosting Creation
  7329 | D:9      | Identified a +2 pair of boots of running (You found it on level 9 of the Dungeon)
  7413 | D:9      | Found a shattered altar of Ashenzari.
  7666 | D:10     | Entered Level 10 of the Dungeon
  7723 | D:10     | Offered knowledge of Ignite Poison by Vehumet.
  7766 | D:10     | Found a flagged portal.
  7788 | Bailey   | Entered a bailey
  7797 | Bailey   | Reached skill level 10 in Fire Magic
  7883 | Bailey   | Reached *** piety under Vehumet
  8195 | Bailey   | Reached skill level 10 in Spellcasting
  8263 | Bailey   | Offered knowledge of Static Discharge by Vehumet.
  8870 | D:10     | Found a staircase to the Orcish Mines.
  8872 | D:10     | Reached **** piety under Vehumet
  8888 | D:10     | Offered knowledge of Mephitic Cloud by Vehumet.
  9073 | D:10     | Learned a level 3 spell: Mephitic Cloud
  9256 | D:10     | Identified the amulet of Sloth {Gourm rPois MR+ Str+8 Dex+4} (You took it off a centaur on level 9 of the Dungeon)
  9324 | D:10     | Lost mutation: Your body sometimes deteriorates upon taking damage. [potion of mutation]
  9324 | D:10     | Lost mutation: You are weak. (Str -2) [potion of mutation]
  9324 | D:10     | Lost mutation: You have a pair of small horns on your head. [potion of mutation]
  9324 | D:10     | Gained mutation: You are robust. (+10% HP) [potion of mutation]
  9465 | D:10     | Got a fine war axe
  9466 | D:10     | Identified the +10 war axe of Fedhas's Condemnation {drain, *Drain +Blink rC++} (You found it on level 10 of the Dungeon)
  9607 | D:10     | Noticed a two-headed ogre
  9617 | D:10     | Killed a two-headed ogre
  9825 | D:11     | Reached XP level 12. HP: 59/81 MP: 9/26
  9864 | D:11     | Reached ***** piety under Vehumet
  9864 | D:11     | Offered knowledge of Airstrike by Vehumet.
 10354 | D:11     | Noticed a two-headed ogre
 10363 | D:11     | Killed a two-headed ogre
 10721 | D:11     | Gained mutation: You have sharp fingernails. [mutagenic meat]
 10722 | D:11     | Gained mutation: You have supernaturally acute eyesight. (SInv) [mutagenic meat]
 10934 | D:12     | Noticed a two-headed ogre
 10946 | D:12     | Killed a two-headed ogre
 11011 | D:12     | Found Ajeaz's Assorted Antiques.
 11339 | D:12     | Got a shadowed robe
 11350 | D:12     | Identified the +2 robe "Xywkofei" {Dex+5} (You found it on level 12 of the Dungeon)
 11473 | D:12     | Noticed a seven-headed hydra
 11475 | D:12     | Killed a seven-headed hydra
 12008 | D:13     | Found Vaulluash's Antique Armour Shop.
 12024 | D:13     | Noticed a centaur warrior
 12026 | D:13     | Killed a centaur warrior
 12142 | Orc:1    | Entered Level 1 of the Orcish Mines
 12593 | Orc:1    | Found Nustyewn's Antique Weapon Boutique.
 12594 | Orc:1    | Found Kydwyora's Gadget Shoppe.
 12615 | Orc:1    | Found Ladial's General Store.
 12838 | Orc:2    | Entered Level 2 of the Orcish Mines
 12845 | Orc:2    | Noticed an orc high priest
 12853 | Orc:2    | Noticed an orc high priest
 12854 | Orc:2    | Killed an orc high priest
 12854 | Orc:2    | Gained mutation: You regenerate health from kills. [demonic ancestry]
 12854 | Orc:2    | Reached XP level 13. HP: 86/86 MP: 9/28
 13018 | Orc:2    | Found Iluojerch's General Store.
 13041 | Orc:2    | Offered knowledge of Lightning Bolt by Vehumet.
 13408 | Orc:2    | Noticed an orc warlord
 13484 | Orc:1    | Killed an orc warlord
 14443 | Orc:2    | Found Wuteuna's Jewellery Shop.
 14469 | Orc:2    | Found a staircase to the Elven Halls.
 14474 | Orc:2    | Found Biczuymo's Antique Weapon Shop.
 14595 | Orc:2    | Found Aptadim's Antique Armour Shop.
 14683 | Orc:2    | Noticed Snorg
 15023 | D:12     | Bought the +0 Maxwell's etheric cage {RegenMP+ *Contam rElec MP+4} for 1280 gold pieces
 15023 | D:12     | Found the +0 Maxwell's etheric cage {RegenMP+ *Contam rElec MP+4}
 15023 | D:12     | Bought a scroll of identify for 64 gold pieces
 15256 | Lair:1   | Entered Level 1 of the Lair of Beasts
 15699 | Lair:1   | Noticed narcow's ghost (journeyman TrMo)
 15810 | Lair:1   | Learned a level 5 spell: Lightning Bolt
 15896 | Lair:1   | Killed narcow's ghost
 16426 | Lair:2   | Found a staircase to the Snake Pit.
 16902 | Lair:3   | Found a staircase to the Swamp.
 16944 | Lair:3   | Found a labyrinth entrance.
 17007 | Lab      | Entered a labyrinth
 17908 | Lab      | Learned a level 3 spell: Regeneration
 18311 | Lab      | Noticed a minotaur
 18312 | Lab      | Killed a minotaur
 18312 | Lab      | Gained mutation: You regenerate a lot of health from kills. [demonic ancestry]
 18312 | Lab      | Reached XP level 14. HP: 93/93 MP: 28/31
 18317 | Lab      | Got a shimmering golden amulet
 18330 | Lab      | Identified the Almanac of Ensnaring Poisoning
 18359 | Lair:3   | Offered knowledge of Bolt of Cold by Vehumet.
 18593 | Lair:3   | Reached skill level 1 in Fighting
 19079 | Lair:4   | Noticed Harold
 19083 | Lair:4   | Killed Harold
 19882 | Lair:5   | Reached skill level 5 in Fighting
 19911 | Lair:5   | Found a staircase to the Slime Pits.
 19964 | Lair:5   | Learned a level 6 spell: Poison Arrow
 20474 | Lair:6   | Entered Level 6 of the Lair of Beasts
 20489 | Lair:6   | Reached skill level 5 in Stealth
 20671 | Lair:6   | Offered knowledge of Bolt of Magma by Vehumet.
 20800 | Lair:6   | Found a burning altar of Makhleb.
 20933 | Lair:6   | Reached XP level 15. HP: 124/124 MP: 28/33
 20974 | Lair:6   | Offered knowledge of Ozocubu's Refrigeration by Vehumet.
 21113 | Lair:6   | Found a gateway to Hell.
 21129 | Lair:6   | Identified the amulet of Guhucutz {Regen+ Stlth+} (You took it off a minotaur in a labyrinth)
 21158 | Lair:6   | Reached skill level 10 in Fighting
 21870 | Orc:2    | Killed Snorg
 21963 | Orc:2    | Bought a scroll of identify for 32 gold pieces
 21963 | Orc:2    | Bought a scroll of identify for 32 gold pieces
 22122 | Orc:2    | Found a roughly hewn altar of Beogh.
 22386 | D:13     | Noticed Josephine
 22388 | D:13     | Killed Josephine
 23082 | D:14     | Found a sparkling altar of Nemelex Xobeh.
 23100 | D:14     | Found Pecaq's General Store.
 23208 | D:14     | Noticed Frances
 23215 | D:14     | Killed Frances
 23354 | D:14     | Reached skill level 15 in Conjurations
 23565 | D:14     | Found a gate to the Vaults.
 23841 | D:15     | Entered Level 15 of the Dungeon
 23915 | D:15     | Offered knowledge of Orb of Destruction by Vehumet.
 23965 | D:15     | Reached skill level 15 in Spellcasting
 24102 | D:15     | Reached ****** piety under Vehumet
 24177 | D:15     | Reached XP level 16. HP: 132/141 MP: 10/35
 24228 | D:15     | Noticed Agnes
 24242 | D:14     | Killed Agnes
 24482 | D:15     | Learned a level 7 spell: Orb of Destruction
 24567 | D:15     | Found a staircase to the Depths.
 24907 | Swamp:1  | Entered Level 1 of the Swamp
 24909 | Swamp:1  | Noticed a thorn hunter
 24912 | Swamp:1  | Killed a thorn hunter
 24912 | Swamp:1  | Offered knowledge of Spellforged Servitor by Vehumet.
 25673 | Swamp:2  | Noticed a thorn hunter
 25680 | Swamp:2  | Killed a thorn hunter
 25799 | Swamp:2  | Offered knowledge of Shatter by Vehumet.
 25799 | Swamp:2  | Offered knowledge of Tornado by Vehumet.
 25799 | Swamp:2  | Offered knowledge of Ignition by Vehumet.
 25815 | Swamp:2  | You fall through a shaft!
 25826 | Swamp:3  | Noticed a thorn hunter
 25833 | Swamp:3  | Killed a thorn hunter
 25888 | Swamp:3  | Found a frozen archway.
 25897 | IceCv    | Entered an ice cave
 26043 | IceCv    | Noticed Psyclone's ghost (journeyman DECj)
 26051 | IceCv    | Killed Psyclone's ghost
 26747 | IceCv    | Noticed Parsimony's ghost (journeyman VSFi)
 26751 | IceCv    | Killed Parsimony's ghost
 26780 | IceCv    | Reached XP level 17. HP: 150/150 MP: 35/37
 26914 | IceCv    | Identified Ahanliy's Almanac of Frigorific Necromancy
 27422 | Swamp:4  | Entered Level 4 of the Swamp
 27973 | Swamp:4  | Got a decaying rune of Zot
 28698 | Snake:1  | Entered Level 1 of the Snake Pit
 28933 | Snake:1  | Found a snail-covered altar of Cheibriados.
 29745 | Snake:2  | Noticed ShadedKnight's ghost (adept GnSk)
 29788 | Snake:2  | Killed ShadedKnight's ghost
 30054 | Snake:2  | Reached skill level 15 in Fire Magic
 31319 | Snake:3  | Gained mutation: You have hooves in place of feet. [demonic ancestry]
 31319 | Snake:3  | Reached XP level 18. HP: 137/158 MP: 33/39
 31691 | Snake:4  | Entered Level 4 of the Snake Pit
 32146 | Snake:4  | Got an uncursed slimy lajatang {speed}
 32640 | Snake:4  | Got a serpentine rune of Zot
 32979 | Snake:4  | Learned a level 9 spell: Fire Storm
 33331 | Depths:1 | Entered Level 1 of the Depths
 33331 | Depths:1 | Found a gateway to a ziggurat.
 33455 | D:15     | Learned a level 8 spell: Ignition
 33464 | Depths:1 | Noticed the Enchantress
 33557 | Vaults:1 | Entered Level 1 of the Vaults
 33608 | Vaults:1 | Gained mutation: You are immune to rotting. [demonic ancestry]
 33608 | Vaults:1 | Reached XP level 19. HP: 165/165 MP: 37/40
 33839 | Vaults:1 | Identified a scroll of acquirement
 33841 | Vaults:1 | Got a twisted hat
 34534 | Vaults:1 | Identified the +0 hat of Codeupe {rF+ rN+ MR-} (You acquired it on level 1 of the Vaults)
 35318 | Vaults:2 | Found a staircase to the Crypt.
 36027 | Vaults:3 | Found a ruined gateway.
 36046 | Desolati | Entered the Desolation of Salt
 36142 | Desolati | Gained mutation: Your flesh is cold resistant. (rC+) [demonic ancestry]
 36142 | Desolati | Reached XP level 20. HP: 116/172 MP: 8/42
 36295 | Desolati | Got a bound bone ring
 36391 | Desolati | Identified the ring of Macias {rF+ Int+2} (You found it in the Desolation of Salt)
 36399 | Desolati | Got a clouded lapis lazuli ring
 36402 | Desolati | Identified the ring of Leaves {Fire rElec rN+ Str+3} (You took it off an imperial myrmidon in the Desolation of Salt)
 36487 | Desolati | Got a scorched zirconium amulet
 36491 | Desolati | Identified the Handbook of Good Luck and Curses
 36576 | Desolati | Got a scorched pewter amulet
 36584 | Desolati | Got a faintly glowing robe
 36694 | Desolati | Identified the Collected Works on Aid
 36709 | Desolati | Got an ichor-stained flail
 36718 | Desolati | Got a transparent helmet
 37138 | Vaults:3 | Identified the cursed +1 flail "Xichura" {venom, rF- Dex+5} (You found it in the Desolation of Salt)
 37149 | Vaults:3 | Identified the +4 robe "Feiw" {rPois MR+ Stlth+} (You took it off a ragged hierophant in the Desolation of Salt)
 37153 | Vaults:3 | Got an ichor-stained hat
 37162 | Vaults:3 | Identified the +4 lajatang of Painful Death {speed, rC+ Str+2 Dex+3} (You took it off a naga sharpshooter on level 4 of the Snake Pit)
 37209 | Vaults:3 | Found Unoyp's Book Boutique.
 37810 | Vaults:3 | Identified the -3 helmet of the Bagpipe {Str+3 Int+3 Dex+6} (You found it in the Desolation of Salt)
 37811 | Vaults:3 | Identified the +0 hat of Vemaga Bois {rPois rF+++ Int-3 Dex-3} (You acquired it on level 3 of the Vaults)
 37812 | Vaults:3 | Identified the amulet of Makhleb's Wrath {Faith *Contam Str+7 Int-4 Dex+3} (You found it in the Desolation of Salt)
 37813 | Vaults:3 | Identified the amulet "Zil Guos" {Faith Str+5 Dex+2} (You took it off a ragged hierophant in the Desolation of Salt)
 38268 | Vaults:4 | Got a fine leather armour
 39136 | Vaults:5 | Entered Level 5 of the Vaults
 39137 | Vaults:5 | Gained mutation: You are immune to freezing clouds. [demonic ancestry]
 39137 | Vaults:5 | Reached XP level 21. HP: 179/179 MP: 44/44
 39148 | Vaults:5 | Noticed an ancient lich
 39188 | Vaults:5 | Noticed a golden dragon
 39195 | Vaults:4 | Killed an ancient lich
 39410 | Vaults:4 | Killed a golden dragon
 39435 | Vaults:5 | Gained mutation: You are weak. (Str -2) [a shining eye]
 39748 | Elf:1    | Entered Level 1 of the Elven Halls
 40045 | Elf:1    | Identified the Volume of Sinister Magic
 40253 | Elf:1    | Gained mutation: You may emit foul miasma when damaged in melee. [demonic ancestry]
 40253 | Elf:1    | Reached XP level 22. HP: 187/187 MP: 40/46
 41047 | Elf:2    | Noticed Dylgear's ghost (adept DsFi)
 41058 | Elf:2    | Killed Dylgear's ghost
 41083 | Elf:2    | Found a huge runed gate.
 41085 | Elf:2    | Found a huge runed gate.
 41088 | Elf:2    | Found a huge runed gate.
 41367 | Elf:3    | Entered Level 3 of the Elven Halls
 41809 | Elf:3    | Found Hegululi's Humungous Hoard.
 41816 | Elf:3    | Bought a potion of heal wounds for 95 gold pieces
 42239 | Elf:3    | Gained mutation: A frigid envelope surrounds you and freezes all who hurt you. [demonic ancestry]
 42239 | Elf:3    | Reached XP level 23. HP: 192/193 MP: 48/48
 42288 | Elf:3    | Got a slimy silver ring
 42412 | Elf:3    | Identified the Almanac of the Helpful Frostbite
 42462 | Elf:3    | Found the +5 mace of Variability {chaos}
 42875 | Elf:3    | Identified the cursed +0 leather armour of Conscience {*Drain +Inv rElec rPois} (You found it on level 4 of the Vaults)
 43850 | Vaults:5 | Noticed an ancient lich
 43873 | Vaults:5 | Killed an ancient lich
 43873 | Vaults:5 | Reached XP level 24. HP: 177/200 MP: 14/48
 44089 | Vaults:5 | Identified the ring of Sin {rF+ Int+2 Stlth+} (You took it off a deep elf high priest on level 3 of the Elven Halls)
 44374 | Vaults:5 | Got distressingly furry pearl dragon scales
 44572 | Vaults:5 | Got a silver rune of Zot
 45089 | Vaults:5 | Got a vibrating jade ring
 45313 | Depths:1 | Killed the Enchantress
 45329 | Depths:1 | Found Luff's Pet Rocks.
 45352 | Depths:1 | Identified the ring "Loxixkenall" {-Tele rElec rF+ Int+4 Slay+3} (You took it off a deep elf high priest on level 5 of the Vaults)
 45358 | Depths:1 | Got a pair of polished gloves
 45369 | Depths:1 | Identified the +0 pair of gloves of Resourcefulness {*Corrode MR++ Str+5} (You acquired it on level 1 of the Depths)
 45522 | Depths:1 | Reached skill level 1 in Air Magic
 46198 | Depths:1 | Learned a level 9 spell: Glaciate
 46253 | Depths:2 | Reached skill level 1 in Ice Magic
 46257 | Depths:2 | Noticed Jorgrun
 46259 | Depths:2 | Killed Jorgrun
 46265 | Depths:2 | Noticed Aizul
 46265 | Depths:2 | Killed Aizul
 46270 | Depths:2 | Noticed Asterion
 46273 | Depths:2 | Killed Asterion
 46541 | Depths:2 | Reached skill level 5 in Ice Magic
 47066 | Depths:2 | Learned a level 6 spell: Iron Shot
 47947 | Depths:2 | Gained mutation: You are very weak. (Str -4) [mutagenic glow]
 47976 | Depths:2 | Learned a level 8 spell: Lehudib's Crystal Spear
 48560 | Depths:3 | Reached XP level 25. HP: 179/206 MP: 46/49
 48618 | Depths:3 | Identified the cursed +0 pearl dragon scales "Geroize" {rPois rF- rN+ MR+++ Str-2} (You found it on level 5 of the Vaults)
 48634 | Depths:3 | Identified Ydoohy's Grimoire of Confrontation
 48852 | Depths:3 | Paralysed by a floating eye for 2 turns
 48920 | Depths:3 | Found a one-way gate leading to the halls of Pandemonium.
 49151 | Depths:3 | Found a runed gate.
 49151 | Depths:3 | Found a runed gate.
 49151 | Depths:3 | Found a runed gate.
 49165 | Depths:3 | Reached skill level 1 in Shields
 49188 | Depths:3 | Found a runed gate.
 49188 | Depths:3 | Found a runed gate.
 49188 | Depths:3 | Found a runed gate.
 49953 | Depths:4 | Reached skill level 10 in Ice Magic
 49958 | Depths:4 | Reached skill level 5 in Shields
 50120 | Depths:4 | Found a one-way gate to the infinite horrors of the Abyss.
 50148 | Depths:4 | Found Esaocex's Weapon Shoppe.
 50152 | Depths:4 | Found Likijyg's Food Emporium.
 50158 | Depths:4 | Found Guywis's Antique Weapon Shoppe.
 50652 | Depths:5 | Entered Level 5 of the Depths
 50652 | Depths:5 | Noticed Xtahua
 50688 | Depths:5 | Noticed Mennas
 50691 | Depths:5 | Killed Mennas
 50693 | Depths:5 | Noticed TwoGrow's ghost (legendary GnVM)
 51169 | Slime:1  | Entered Level 1 of the Pits of Slime
 51946 | Slime:1  | Gained mutation: You do not regenerate when monsters are visible. [a shining eye]
 51954 | Slime:1  | Gained mutation: You are very clumsy. (Dex -4) [a shining eye]
 52171 | Slime:3  | Reached XP level 26. HP: 181/214 MP: 39/49
 52767 | Slime:5  | Entered Level 5 of the Pits of Slime
 52928 | Slime:5  | Noticed the Royal Jelly
 52930 | Slime:5  | Killed the Royal Jelly
 53101 | Slime:5  | Got a slimy rune of Zot
 53187 | Slime:5  | Identified the Tome of Ice
 53227 | Slime:5  | Identified the Tome of Bewitching Feathers
 53704 | Hell     | Entered the Vestibule of Hell
 53704 | Hell     | Noticed Geryon
 53708 | Hell     | Killed Geryon
 54127 | Crypt:1  | Entered Level 1 of the Crypt
 54665 | Crypt:2  | Found a magical portal.
 54688 | WizLab   | Entered Cigotuvi's Fleshworks
 55127 | WizLab   | Identified Sif Muna's Tome of Transmutation
 55132 | WizLab   | Identified Cigotuvi's Grimoire of Unholy Changing
 55158 | WizLab   | Reached skill level 15 in Ice Magic
 55474 | WizLab   | Got a warped bronze amulet
 55820 | Crypt:2  | Noticed Bai Suzhen
 55822 | Crypt:2  | Killed Bai Suzhen
 56606 | Crypt:2  | Identified the amulet "Mughiodoe" {Faith *Contam rElec rPois Str+4} (You found it in a wizard's laboratory)
 56902 | Crypt:3  | Entered Level 3 of the Crypt
 57002 | Crypt:3  | Gained mutation: You frequently emit foul miasma when damaged in melee. [demonic ancestry]
 57002 | Crypt:3  | Reached XP level 27. HP: 180/221 MP: 8/50
 57863 | Crypt:3  | Found a staircase to the Tomb.
 58447 | Crypt:3  | Identified the Handbook of Dusty Aid
 58543 | Crypt:3  | Reached skill level 1 in Earth Magic
 58619 | Crypt:3  | Lost mutation: You have sharp fingernails. [potion of mutation]
 58619 | Crypt:3  | Lost mutation: You tend to lose your temper in combat. [potion of mutation]
 58619 | Crypt:3  | Lost mutation: You are very weak. (Str -4) [potion of mutation]
 58619 | Crypt:3  | Gained mutation: You are very robust. (+20% HP) [potion of mutation]
 58619 | Crypt:3  | Gained mutation: Your skin changes colour to match your surroundings (Stealth+). [potion of mutation]
 58619 | Crypt:3  | Lost mutation: You are very clumsy. (Dex -4) [potion of mutation]
 58620 | Crypt:3  | Lost mutation: You are very robust. (+20% HP) [potion of mutation]
 58620 | Crypt:3  | Lost mutation: You are robust. (+10% HP) [potion of mutation]
 58620 | Crypt:3  | Lost mutation: You have supernaturally acute eyesight. (SInv) [potion of mutation]
 58620 | Crypt:3  | Lost mutation: You are clumsy. (Dex -2) [potion of mutation]
 58620 | Crypt:3  | Gained mutation: You tend to lose your temper in combat. [potion of mutation]
 58620 | Crypt:3  | Gained mutation: Your flesh is heat resistant. (rF+) [potion of mutation]
 58621 | Crypt:3  | Lost mutation: You tend to lose your temper in combat. [potion of mutation]
 58621 | Crypt:3  | Lost mutation: You do not regenerate when monsters are visible. [potion of mutation]
 58621 | Crypt:3  | Lost mutation: Your flesh is heat resistant. (rF+) [potion of mutation]
 58621 | Crypt:3  | Lost mutation: You are weak. (Str -2) [potion of mutation]
 58621 | Crypt:3  | Gained mutation: You are robust. (+10% HP) [potion of mutation]
 58621 | Crypt:3  | Gained mutation: Your spells are a little harder to cast, but a little more powerful. [potion of mutation]
 58719 | Crypt:3  | Found a basalt altar of Yredelemnul.
 58741 | Crypt:3  | Got a dazzling scale mail
 58742 | Crypt:3  | Identified the +2 scale mail "Idil" {+Inv rElec rC+ Int-3} (You took it off a skeletal warrior on level 3 of the Crypt)
 59270 | Crypt:3  | Identified the Guide on Twisted Darkness
 59272 | Crypt:3  | Identified the Disquisition on the Evil Traveller
 59766 | Zig:1    | Entered Level 1 of a ziggurat
 59797 | Zig:2    | Entered Level 2 of a ziggurat
 59849 | Zig:3    | Entered Level 3 of a ziggurat
 59876 | Zig:4    | Entered Level 4 of a ziggurat
 59909 | Zig:5    | Entered Level 5 of a ziggurat
 59915 | Zig:5    | Noticed a greater mummy
 59917 | Zig:5    | Killed a greater mummy
 59955 | Zig:6    | Entered Level 6 of a ziggurat
 59963 | Zig:6    | Reached skill level 5 in Earth Magic
 59990 | Zig:7    | Entered Level 7 of a ziggurat
 59997 | Zig:7    | Noticed a juggernaut
 59999 | Zig:7    | Noticed a juggernaut
 60001 | Zig:7    | Killed a juggernaut
 60002 | Zig:7    | Killed a juggernaut
 60047 | Zig:7    | Got a crude scale mail
 60049 | Zig:7    | Identified the +8 scale mail "Vary" {Int+3} (You found it on level 7 of a ziggurat)
 60070 | Zig:8    | Entered Level 8 of a ziggurat
 60094 | Zig:8    | Identified the Compendium of Ashen Poison
 60098 | Zig:8    | Identified Sif Muna's Incunabulum of Evil Conjuration
 60139 | Zig:9    | Entered Level 9 of a ziggurat
 60155 | Zig:9    | Found the +3 giant club "Skullcrusher" {speed, Str+7}
 60200 | Zig:9    | Got a distressingly furry chain mail
 60203 | Zig:9    | Identified the +1 chain mail "Ojoss" {rCorr Int+4} (You found it on level 9 of a ziggurat)
 60207 | Zig:10   | Entered Level 10 of a ziggurat
 60257 | Zig:10   | Identified the Catalogue of Weightlessness and the Escort
 60287 | Zig:11   | Entered Level 11 of a ziggurat
 60328 | Zig:11   | Identified the ring "Tisyisou" {Int+5 Dex+5} (You found it on level 11 of a ziggurat)
 60433 | Zig:12   | Entered Level 12 of a ziggurat
 60438 | Zig:12   | Noticed a greater mummy
 60440 | Zig:12   | Noticed a greater mummy
 60443 | Zig:12   | Killed a greater mummy
 60445 | Zig:12   | Killed a greater mummy
 60447 | Zig:12   | Noticed a greater mummy
 60448 | Zig:12   | Killed a greater mummy
 60509 | Zig:13   | Entered Level 13 of a ziggurat
 60576 | Zig:13   | Got a jewelled scale mail
 60577 | Zig:13   | Identified the +2 scale mail "Zekkuub" {MR+ Str+3} (You found it on level 13 of a ziggurat)
 60583 | Zig:14   | Entered Level 14 of a ziggurat
 60774 | Zig:15   | Entered Level 15 of a ziggurat
 60857 | Zig:16   | Entered Level 16 of a ziggurat
 60865 | Zig:16   | Noticed a juggernaut
 60867 | Zig:16   | Noticed a juggernaut
 60868 | Zig:16   | Noticed a juggernaut
 60869 | Zig:16   | Noticed a juggernaut
 60870 | Zig:16   | Killed a juggernaut
 60871 | Zig:16   | Killed a juggernaut
 60871 | Zig:16   | Killed a juggernaut
 60871 | Zig:16   | Killed a juggernaut
 60874 | Zig:16   | Noticed a juggernaut
 60876 | Zig:16   | Killed a juggernaut
 61001 | Zig:17   | Entered Level 17 of a ziggurat
 61033 | Zig:17   | Identified Zifuji's Grimoire of Evil Rituals and Heat
 61044 | Zig:17   | Got a smelly ring mail
 61045 | Zig:17   | Identified the cursed +0 ring mail "Ytzaali" {Regen+} (You found it on level 17 of a ziggurat)
 61051 | Zig:17   | Identified the Tome of Dislocated Transmutation
 61055 | Zig:17   | Got a vibrating lead amulet
 61056 | Zig:17   | Identified the amulet of Waufit {Gourm +Blink rF- rN+++ MR+} (You found it on level 17 of a ziggurat)
 61059 | Zig:17   | Got a vibrating iron ring
 61060 | Zig:17   | Identified the ring "Plog" {rPois rF- rC+ rN+ Int+6} (You found it on level 17 of a ziggurat)
 61078 | Zig:18   | Entered Level 18 of a ziggurat
 61087 | Zig:18   | Noticed an ancient lich
 61090 | Zig:18   | Noticed an ancient lich
 61091 | Zig:18   | Noticed an ancient lich
 61091 | Zig:18   | Noticed an ancient lich
 61091 | Zig:18   | Killed an ancient lich
 61091 | Zig:18   | Killed an ancient lich
 61092 | Zig:18   | Killed an ancient lich
 61096 | Zig:18   | Killed an ancient lich
 61141 | Zig:18   | Identified Sif Muna's Grimoire of Freezing Intoxication
 61146 | Zig:18   | Got a scorched graven amulet
 61147 | Zig:18   | Identified the amulet of Sunlight {Harm *Drain rPois Dex+4} (You found it on level 18 of a ziggurat)
 61158 | Zig:18   | Got a scorched sapphire amulet
 61188 | Zig:19   | Entered Level 19 of a ziggurat
 61193 | Zig:19   | Noticed a greater mummy
 61197 | Zig:19   | Noticed a greater mummy
 61197 | Zig:19   | Noticed a greater mummy
 61198 | Zig:19   | Noticed a greater mummy
 61198 | Zig:19   | Killed a greater mummy
 61199 | Zig:19   | Noticed a greater mummy
 61199 | Zig:19   | Killed a greater mummy
 61199 | Zig:19   | Killed a greater mummy
 61200 | Zig:19   | Noticed a greater mummy
 61201 | Zig:19   | Noticed a greater mummy
 61202 | Zig:19   | Killed a greater mummy
 61202 | Zig:19   | Killed a greater mummy
 61204 | Zig:19   | Noticed a greater mummy
 61204 | Zig:19   | Killed a greater mummy
 61204 | Zig:19   | Killed a greater mummy
 61217 | Zig:19   | Killed a greater mummy
 61510 | Zig:19   | Identified the Tome of the Glacial Escort
 61516 | Zig:19   | Identified the Compendium of Excruciating Creation
 61551 | Zig:19   | Got a glittering crystal amulet
 61584 | Zig:20   | Entered Level 20 of a ziggurat
 61610 | Zig:20   | Found the +7 Kryia's mail coat {PotionHeal*2 rC+}
 61673 | Zig:20   | Identified the Reference Book on Poisonous Necromancy
 61707 | Zig:21   | Entered Level 21 of a ziggurat
 61770 | Zig:21   | Identified the Volume of Cold and Intoxication
 61787 | Zig:21   | Identified the amulet of Kuwak {Faith Int+2} (You found it on level 18 of a ziggurat)
 61788 | Zig:21   | Identified the amulet of Idatogocs {Faith Slay+3} (You found it on level 19 of a ziggurat)
 61794 | Zig:21   | Identified the Grimoire of Excruciating Transmigration
 61801 | Zig:22   | Entered Level 22 of a ziggurat
 61801 | Zig:22   | Noticed seyes's ghost (legendary NaCj)
 61887 | Zig:22   | Killed seyes's ghost
 61992 | Zig:22   | Got a coiled wooden ring
 62044 | Zig:23   | Entered Level 23 of a ziggurat
 62050 | Zig:23   | Noticed a greater mummy
 62052 | Zig:23   | Noticed a greater mummy
 62052 | Zig:23   | Killed a greater mummy
 62053 | Zig:23   | Killed a greater mummy
 62056 | Zig:23   | Noticed a greater mummy
 62057 | Zig:23   | Killed themself with a badly aimed great blast of fire

Vault maps used:
D:1:      tarquinn_simple_flora_water_e
D:2:      old_standard_altar, uniq_sigmund
D:3:      old_standard_altar, grunt_gozag_breadcrumbs
D:4:      first_bread, uniq_pikel
D:5:      okawaru_metal_pillars_1_2
D:6:      minmay_temple_entry_glassed_door, uniq_prince_ribbit1, uniq_eustachio
D:7:      nicolae_overflow_crystal_walls, vehumet_altar_wand_db, basic_altar
D:8:      gammafunk_temple_overflow_statue, lair_entry_dummy
D:9:      minmay_the_grid_triangle_9x9_rhombus_thin_mashed,
          kennysheep_mini_moat, amethyst_overflow_temple_binary,
          lemuel_crystal_altar
D:10:     minmay_wavy_crystal, zombieorc2_lemuel, enter_bailey_7
D:12:     serial_shops, nicolae_shop_statue_plus, hangedman_pestilent_swarm
D:13:     serial_shops, shop, uniq_josephine
D:14:     grunt_vaults_entry_fortified, serial_shops, shop_statue,
          nemelex_xobeh_ov_fountains_minmay, corexii_checkpoint_b,
          minmay_misc_feat_roman, uniq_frances
D:15:     hangedman_depths_entry_try_elsewhere_first, hangedman_decor_push,
          special_room, uniq_agnes
Temple:   minmay_temple_curvy_loop
Lair:1:   st_stairs_3
Lair:2:   dummy_snake_entry
Lair:3:   minmay_swamp_entry_worms, lab_entry_generic, minmay_lair_oklob_bushes,
          beast_lair_carwin_3
Lair:4:   serial_bayou_pond_d, st_stairs_7, uniq_harold
Lair:5:   minmay_slime_entry_pillars
Lair:6:   evil_forest, bobbens_dragon_lair_wall
Swamp:1:  nicolae_swamp_fairy_circle, nicolae_swamp_snake_nest
Swamp:2:  evilmike_swamp_ruin_house_5
Swamp:3:  portal_ice_cave_entry_ugly_swarm, hangedman_swamp_ruin_wall
Swamp:4:  swamp_alternative
Snake:1:  basic_altar, spider_trap, serial_bayou_shore_b, grunt_megastairs_4
Snake:2:  grunt_megastairs_3
Snake:4:  grunt_snake_rune_spirals, serial_bayou_shore_b
Orc:1:    serial_shops, shop_fountains, shop, shop
Orc:2:    grunt_orc_gardens, grunt_orc_garden, grunt_orc_garden,
          grunt_orc_garden, grunt_orc_garden, minmay_orc_temple_c, uniq_snorg
Elf:1:    minmay_elf_arrival_plus, minmay_elf_necromancy, st_stairs_8,
          grunt_ministairs_4
Elf:2:    grunt_ministairs_6, spider_trap
Elf:3:    minmay_elf_hall_quartered_circle, serial_sigils,
          serial_sigils_hangedman_stare, serial_sigils_hangedman_leer,
          serial_sigils_hangedman_writhe, serial_sigils_hangedman_quiver,
          serial_sigils_hangedman_snap, nicolae_alphabet_shops
Vaults:1: vaults_room_door_ring, st_octagons_2, nicolae_vaults_little_squares_2,
          v_misc_24, v_pattern_4, hangedman_vaults_cutoff,
          ontoclasm_vaults_decontamination
Vaults:2: ontoclasm_vaults_loading_screen, vaults_standard_mumra_x,
          vaults_room_ringed_pool, nicolae_vaults_inception_statues,
          minmay_crypt_entry_simple_statues, hangedman_vaults_pinch,
          hangedman_vaults_capsules, nicolae_vaults_twisting_passages,
          nicolae_vaults_triangles, vaults_dpeg_hooks,
          hangedman_vaults_restitches, nicolae_vaults_little_squares_3,
          vaults_dpeg_diagonal
Vaults:3: v_misc_22, vaults_mumra_minichess_inversion,
          nicolae_vaults_display_case, vaults_dpeg_encased_lava,
          vaults_standard_mumra_enter_the_diamond, ontoclasm_vaults_idyll,
          ontoclasm_vaults_chip, ontoclasm_vaults_twist,
          ontoclasm_vaults_ring_small, serial_shops, shop,
          portal_desolation_entry_garden
Vaults:4: vaults_room_stairs_pillars, vaults_mumra_chevron_long,
          vaults_room_fours, nicolae_vaults_asterisk,
          nicolae_vaults_yaktaur_gun_rack, ontoclasm_vaults_hangar, st_diamondy,
          v_rooms_3, ontoclasm_vaults_tryst, v_misc_25, nicolae_vaults_theta
Crypt:1:  grunt_crypt_arrival_webbed
Crypt:2:  lightli_enter_wizlab_magi_temple, basic_stair_grate_trap,
          uniq_bai_suzhen
Crypt:3:  evilmike_haunted_forest
Depths:1: enter_ziggurat_b, hell_entry, guppyfry_shop_earth,
          roderic_lattice_octagonal_star, uniq_enchantress
Depths:2: cheibrodos_tormentor_scu, roderic_nine_men_s_morris, hell_entry,
          kennysheep_generic_room_4, minmay_staircase_statues_hall_small,
          uniq_asterion, uniq_jorgrun, uniq_aizul
Depths:3: kennysheep_treasure_stockpile, grunt_hell_entry_dis_grunt,
          hangedman_abyss_or_decor_slice, rand_demon_pan_entry_5,
          kennysheep_generic_room_6
Depths:4: minmay_diamond_stairs, minivault_11, abyss_entry, hell_entry,
          serial_bayou_shore_b, infiniplex_staircase_trident, minmay_shop_star
Depths:5: grunt_crosshair, lightli_too_deep, abyss_entry,
          serial_sigils_hangedman_gnaw, uniq_xtahua, uniq_mennas, uniq_margery
Zig:6:    ziggurat_pillar_centre_dead_trees
Zig:11:   ziggurat_pillar_centre_c
Zig:14:   ziggurat_pillar_centre_oklobs
Lab:      labyrinth_spiral, labyrinth_lava_lair, nicolae_lab_stuck,
          labyrinth_skeletal_remains, nicolae_lab_t_cross, labyrinth_glass_1,
          nicolae_lab_do_over, nicolae_lab_diamond, lab_block
Bailey:   bailey_polearm_flooded_kennysheep, bailey
IceCv:    ice_cave_caverns_02
WizLab:   wizlab_cigotuvi

Skill      XL: |  1  2  3  4  5  6  7  8  9 10 11 12 13 14 15 16 17 18 19 20 21 22 23 24 25 26 27 |
---------------+----------------------------------------------------------------------------------+-----
Fire Magic     | 3 4 5 6 8 9 10 11 13 14 15 16 17 18 19 20 23 | 23.6
Spellcasting   | 3 4 5 6 7 9 10 11 13 14 15 16 17 18 19 20 21 22 23 26 | 26.3
Conjurations   | 3 4 5 6 8 10 11 12 13 14 15 16 17 18 19 20 21 22 23 26 | 26.6
Fighting       | 9 12 13 | 13.5
Stealth        | 5 |  5.5
Air Magic      | 2 7 |  7.3
Ice Magic      | 6 12 16 17 | 17.2
Shields        | 5 |  5.4
Earth Magic    | 6 |  6.8
Dodging        | |  1.7

Action                   |  1- 3 |  4- 6 |  7- 9 | 10-12 | 13-15 | 16-18 | 19-21 | 22-24 | 25-27 || total
-------------------------+-------+-------+-------+-------+-------+-------+-------+-------+-------++-------
Melee: Unarmed           |    25 |    17 |       |       |       |       |       |       |       ||    42
       Kick              |     1 |     5 |    27 |     9 |       |     4 |    15 |    10 |    43 ||   114
       Staff             |       |     5 |   116 |   163 |    74 |    56 |    27 |    20 |    69 ||   530
       Whip              |       |       |    45 |       |       |       |       |       |       ||    45
       Headbutt          |       |       |     1 |    21 |       |       |       |       |       ||    22
       Dagger            |       |       |     1 |    18 |    23 |       |       |       |       ||    42
       Bite              |       |       |       |    27 |    20 |     8 |     8 |       |    14 ||    77
 Cast: Flame Tongue      |    31 |    51 |    77 |   278 |    65 |    17 |     8 |     6 |     3 ||   536
       Sticky Flame      |       |     5 |    30 |    89 |    87 |    79 |    39 |    11 |    36 ||   376
       Fireball          |       |       |     8 |    94 |   392 |   584 |   222 |   172 |   151 ||  1623
       Lightning Bolt    |       |       |       |       |    28 |     9 |       |       |       ||    37
       Regeneration      |       |       |       |       |     2 |       |       |       |       ||     2
       Poison Arrow      |       |       |       |       |     6 |     6 |    16 |     4 |     1 ||    33
       Orb of Destructio |       |       |       |       |       |    13 |    37 |    57 |    45 ||   152
       Ignition          |       |       |       |       |       |     4 |   142 |    60 |   119 ||   325
       Fire Storm        |       |       |       |       |       |       |     2 |    77 |   325 ||   404
       Iron Shot         |       |       |       |       |       |       |       |     1 |       ||     1
Evoke: Wand              |     1 |     1 |       |     4 |       |     1 |     1 |       |       ||     8
  Use: Scroll            |       |       |     5 |    13 |    15 |     9 |    18 |     9 |    28 ||    97
       Potion            |       |       |     6 |     3 |     1 |     1 |     2 |     6 |    14 ||    33
 Stab: Sleeping          |       |       |       |       |     2 |       |       |       |       ||     2
       Distracted        |       |       |       |       |       |     1 |       |       |       ||     1
  Eat: Chunk             |       |     6 |    22 |    43 |    73 |    27 |    56 |    28 |    17 ||   272
       Royal jelly       |       |       |       |     1 |       |       |       |     7 |    16 ||    24
       Fruit             |       |       |       |       |     2 |       |    11 |     3 |     3 ||    19
       Meat ration       |       |       |       |       |       |       |     3 |       |       ||     3
       Bread ration      |       |       |       |       |       |       |     1 |       |       ||     1
Armor: Robe              |    10 |    12 |    64 |    18 |    72 |   112 |    61 |    28 |    46 ||   423
       Leather armour    |       |       |    51 |   208 |       |       |       |       |       ||   259
Dodge: Dodged            |    36 |    35 |   155 |   271 |   161 |   167 |   147 |    41 |    65 ||  1078
Block: Other             |       |       |       |       |       |       |       |    21 |     8 ||    29
       Reflection        |       |       |       |       |       |       |       |     9 |    11 ||    20
       Buckler           |       |       |       |       |       |       |       |       |   120 ||   120

Table legend:
 A = Spawn XP
 B = Non-spawn XP
 C = Spawn XP percentage of total XP
 D = Spawn monster count
 E = Non-spawn monster count
 F = Spawn count percentage of total count
 G = Total turns spent on level
                    A         B        C        D         E        F      G
               +---------+---------+-------+---------+---------+-------+---------
         Total |       0 | 2065256 |   0.0 |       0 |    3167 |   0.0 | 62057
               +---------+---------+-------+---------+---------+-------+---------
           D:1 |       0 |      19 |   0.0 |       0 |      11 |   0.0 |   685
           D:2 |       0 |     243 |   0.0 |       0 |      14 |   0.0 |   702
           D:3 |       0 |     164 |   0.0 |       0 |      17 |   0.0 |   924
           D:4 |       0 |     907 |   0.0 |       0 |      16 |   0.0 |   749
           D:5 |       0 |     345 |   0.0 |       0 |       9 |   0.0 |   785
           D:6 |       0 |    2165 |   0.0 |       0 |      30 |   0.0 |   796
           D:7 |       0 |     794 |   0.0 |       0 |      24 |   0.0 |   617
           D:8 |       0 |    2089 |   0.0 |       0 |      17 |   0.0 |   860
           D:9 |       0 |    8213 |   0.0 |       0 |      68 |   0.0 |  1764
          D:10 |       0 |    3273 |   0.0 |       0 |      66 |   0.0 |  1287
          D:11 |       0 |    5051 |   0.0 |       0 |      41 |   0.0 |  1288
          D:12 |       0 |    6450 |   0.0 |       0 |      28 |   0.0 |  1235
          D:13 |       0 |    9371 |   0.0 |       0 |      28 |   0.0 |   961
          D:14 |       0 |   18442 |   0.0 |       0 |      39 |   0.0 |  1349
          D:15 |       0 |   29354 |   0.0 |       0 |      77 |   0.0 |   982
        Lair:1 |       0 |    3465 |   0.0 |       0 |      10 |   0.0 |  1140
        Lair:2 |       0 |    2668 |   0.0 |       0 |      13 |   0.0 |   677
        Lair:3 |       0 |    5836 |   0.0 |       0 |      22 |   0.0 |   863
        Lair:4 |       0 |    6530 |   0.0 |       0 |      27 |   0.0 |   754
        Lair:5 |       0 |    7313 |   0.0 |       0 |      33 |   0.0 |   931
        Lair:6 |       0 |   32418 |   0.0 |       0 |     110 |   0.0 |  1343
       Swamp:1 |       0 |   19016 |   0.0 |       0 |      53 |   0.0 |   777
       Swamp:2 |       0 |   14649 |   0.0 |       0 |      39 |   0.0 |   595
       Swamp:3 |       0 |   15475 |   0.0 |       0 |      43 |   0.0 |   533
       Swamp:4 |       0 |   21086 |   0.0 |       0 |      32 |   0.0 |   773
       Snake:1 |       0 |   12905 |   0.0 |       0 |      24 |   0.0 |  1003
       Snake:2 |       0 |   15939 |   0.0 |       0 |      29 |   0.0 |  1637
       Snake:3 |       0 |   16339 |   0.0 |       0 |      27 |   0.0 |   428
       Snake:4 |       0 |   69475 |   0.0 |       0 |     108 |   0.0 |  1348
       Slime:1 |       0 |   16796 |   0.0 |       0 |      37 |   0.0 |   389
       Slime:2 |       0 |   18725 |   0.0 |       0 |      31 |   0.0 |   628
       Slime:3 |       0 |    8699 |   0.0 |       0 |      10 |   0.0 |   416
       Slime:4 |       0 |   24500 |   0.0 |       0 |      30 |   0.0 |   365
       Slime:5 |       0 |   43434 |   0.0 |       0 |      44 |   0.0 |   625
         Orc:1 |       0 |    7170 |   0.0 |       0 |      30 |   0.0 |  2006
         Orc:2 |       0 |   14362 |   0.0 |       0 |      66 |   0.0 |  1248
         Elf:1 |       0 |   30287 |   0.0 |       0 |      51 |   0.0 |   877
         Elf:2 |       0 |   39913 |   0.0 |       0 |      59 |   0.0 |  1285
         Elf:3 |       0 |   66518 |   0.0 |       0 |      58 |   0.0 |  1613
      Vaults:1 |       0 |   29367 |   0.0 |       0 |      54 |   0.0 |  1427
      Vaults:2 |       0 |   40430 |   0.0 |       0 |      73 |   0.0 |  1286
      Vaults:3 |       0 |   33188 |   0.0 |       0 |      47 |   0.0 |  1360
      Vaults:4 |       0 |   66657 |   0.0 |       0 |      71 |   0.0 |  1598
      Vaults:5 |       0 |  168641 |   0.0 |       0 |     145 |   0.0 |  1278
       Crypt:1 |       0 |   34744 |   0.0 |       0 |      54 |   0.0 |   842
       Crypt:2 |       0 |   30411 |   0.0 |       0 |      51 |   0.0 |   986
       Crypt:3 |       0 |   62236 |   0.0 |       0 |      94 |   0.0 |  2466
      Depths:1 |       0 |   62174 |   0.0 |       0 |      72 |   0.0 |  1198
      Depths:2 |       0 |   54168 |   0.0 |       0 |      62 |   0.0 |  2225
      Depths:3 |       0 |   63565 |   0.0 |       0 |      69 |   0.0 |  1134
      Depths:4 |       0 |   60922 |   0.0 |       0 |      52 |   0.0 |  1229
      Depths:5 |       0 |   14931 |   0.0 |       0 |       9 |   0.0 |    14
          Hell |       0 |    5974 |   0.0 |       0 |       3 |   0.0 |     6
         Zig:1 |       0 |    4777 |   0.0 |       0 |       1 |   0.0 |    31
         Zig:2 |       0 |    4272 |   0.0 |       0 |       2 |   0.0 |    52
         Zig:3 |       0 |    1666 |   0.0 |       0 |       7 |   0.0 |    27
         Zig:4 |       0 |    3377 |   0.0 |       0 |       7 |   0.0 |    33
         Zig:5 |       0 |    8939 |   0.0 |       0 |      10 |   0.0 |    46
         Zig:6 |       0 |    5712 |   0.0 |       0 |       9 |   0.0 |    35
         Zig:7 |       0 |   23706 |   0.0 |       0 |       6 |   0.0 |    80
         Zig:8 |       0 |   11786 |   0.0 |       0 |      13 |   0.0 |    69
         Zig:9 |       0 |    9261 |   0.0 |       0 |      19 |   0.0 |    68
        Zig:10 |       0 |   16054 |   0.0 |       0 |      19 |   0.0 |    80
        Zig:11 |       0 |   21525 |   0.0 |       0 |      18 |   0.0 |   146
        Zig:12 |       0 |   26021 |   0.0 |       0 |      31 |   0.0 |    76
        Zig:13 |       0 |   26193 |   0.0 |       0 |      25 |   0.0 |    74
        Zig:14 |       0 |   30043 |   0.0 |       0 |      32 |   0.0 |   191
        Zig:15 |       0 |   34333 |   0.0 |       0 |      27 |   0.0 |    83
        Zig:16 |       0 |   52941 |   0.0 |       0 |      44 |   0.0 |   144
        Zig:17 |       0 |   39170 |   0.0 |       0 |      46 |   0.0 |    77
        Zig:18 |       0 |   67786 |   0.0 |       0 |      32 |   0.0 |   110
        Zig:19 |       0 |   69846 |   0.0 |       0 |      66 |   0.0 |   396
        Zig:20 |       0 |   53357 |   0.0 |       0 |      42 |   0.0 |   123
        Zig:21 |       0 |   47946 |   0.0 |       0 |      55 |   0.0 |    94
        Zig:22 |       0 |   74465 |   0.0 |       0 |      64 |   0.0 |   243
        Zig:23 |       0 |   20427 |   0.0 |       0 |      20 |   0.0 |    13
           Lab |       0 |    2439 |   0.0 |       0 |       9 |   0.0 |  1328
        Bailey |       0 |    2316 |   0.0 |       0 |      39 |   0.0 |  1031
         IceCv |       0 |    9185 |   0.0 |       0 |      58 |   0.0 |  1078
        WizLab |       0 |   26568 |   0.0 |       0 |      57 |   0.0 |  1015
    Desolation |       0 |   43339 |   0.0 |       0 |      82 |   0.0 |   818
               +---------+---------+-------+---------+---------+-------+---------
